 Dungeon Crawl Stone Soup version 0.19.0-2-gae57169 (webtiles) character file.

135879 Gargoyl the Corrupter of Planes (level 16, -2/127 HPs)
             Began as a Demonspawn Abyssal Knight on Nov 5, 2016.
             Was the Champion of Lugonu.
             Succumbed to a swamp dragon's poison gas
             ... on level 3 of the Swamp.
             The game lasted 01:18:28 (48169 turns).

Gargoyl the Corrupter of Planes (DsAK)             Turns: 48169, Time: 01:18:28

Health: -2/127     AC: 28    Str: 18    XL:     16   Next: 65%
Magic:  28/28      EV: 13    Int: 15    God:    Lugonu [******]
Gold:   468        SH:  0    Dex: 20    Spells: 0 memorised, 15 levels left

rFire  + + .     SeeInvis +     F - +9 battleaxe (freeze)
rCold  + + .     Gourm    .     p - +0 plate armour {rF+}
rNeg   . . .     Faith    .     (shield currently unavailable)
rPois  .         Spirit   .     U - +2 helmet {SInv}
rElec  +         Reflect  .     N - +1 cloak of Starlight {rElec rC+ EV+4 Stlth--}
rCorr  .         Harm     .     k - +0 pair of fencer's gloves {+Riposte Dex+3}
MR     ++...                    (boots unavailable)
Stlth  ..........               I - amulet of magic regeneration
                                K - +4 ring of dexterity
                                o - ring of protection from magic

@: lethally poisoned (-2 -> -23)
A: hooves 3, molten scales 3, cold resistance 1, demonic guardian 2, foul stench
1, rot immunity
a: Depart the Abyss, Bend Space, Banish, Corrupt, Enter the Abyss, Brand Weapon
With Distortion, Renounce Religion


You were on level 3 of the Swamp.
You worshipped Lugonu.
Lugonu was exalted by your worship.
You were hungry.

You visited 5 branches of the dungeon, and saw 28 of its levels.
You visited the Abyss 1 time.

You collected 2401 gold pieces.
You spent 1933 gold pieces at shops.

Inventory:

Hand Weapons
 F - a +9 battleaxe of freezing (weapon)
 H - a +2 war axe of flaming
 T - a +1 executioner's axe
Missiles
 z - 2 tomahawks of returning (quivered)
Armour
 k - the +0 pair of fencer's gloves (worn) {+Riposte Dex+3}
   (You found it on level 10 of the Dungeon)

   It affects your dexterity (+3).
 p - a +0 plate armour of fire resistance (worn)
 N - the +1 cloak of Starlight (worn) {rElec rC+ EV+4 Stlth--}
   (You bought it in a shop on level 2 of the Orcish Mines)

   It affects your evasion (+4).
   It protects you from cold.
   It insulates you from electricity.
   It makes you much less stealthy.
 U - a +2 helmet of see invisible (worn)
Jewellery
 o - a ring of protection from magic (left hand)
 u - an uncursed ring of protection from cold
 I - an amulet of magic regeneration (around neck)
 K - a +4 ring of dexterity (right hand)
 O - an uncursed ring of protection from magic
Wands
 b - a wand of digging (12/24)
 d - a wand of digging (17/24)
 t - a wand of disintegration (20/24)
 B - a wand of iceblast (7/15)
 E - a wand of iceblast (7/15)
 Q - a wand of digging (8/24)
 X - a wand of disintegration (4/24)
Scrolls
 i - 8 scrolls of remove curse
 l - a scroll of noise {unknown}
 n - 3 scrolls of amnesia
 q - 4 scrolls of fog
 s - 4 scrolls of recharging
 w - 5 scrolls of teleportation
 A - 4 scrolls of magic mapping
 D - 4 scrolls of blinking
 G - 2 scrolls of fear
 J - 2 scrolls of enchant armour
 P - a scroll of identify
 S - a scroll of torment {unknown}
Potions
 m - 2 potions of agility
 r - 3 potions of flight
 C - 2 potions of magic
 L - 6 potions of curing
 R - a potion of might
 W - a potion of haste
Books
 a - a book of Necromancy

   Spells                             Type                      Level
   a - Pain                           Necromancy                   1
   b - Animate Skeleton               Necromancy                   1
   c - Vampiric Draining              Necromancy                   3
   d - Regeneration                   Charms/Necromancy            3
   e - Animate Dead                   Necromancy                   4
   f - Control Undead                 Necromancy                   4
 h - the Catalogue of Dislocated Toxins
   (You found it on level 12 of the Dungeon)

   Spells                             Type                      Level
   a - Shroud of Golubria             Charms/Translocation         2
   b - Recall                         Summoning/Translocation      3
   c - Lesser Beckoning               Translocation                3
   d - Olgreb's Toxic Radiance        Poison                       4
   e - Controlled Blink               Translocation                8
 x - a book of Unlife

   Spells                             Type                      Level
   a - Recall                         Summoning/Translocation      3
   b - Animate Dead                   Necromancy                   4
   c - Control Undead                 Necromancy                   4
   d - Cigotuvi's Embrace             Necromancy                   5
   e - Death Channel                  Necromancy                   6
   f - Simulacrum                     Ice/Necromancy               6
 y - a book of Spatial Translocations

   Spells                             Type                      Level
   a - Blink                          Translocation                2
   b - Shroud of Golubria             Charms/Translocation         2
   c - Lesser Beckoning               Translocation                3
   d - Portal Projectile              Translocation                3
   e - Teleport Other                 Translocation                3
   f - Passage of Golubria            Translocation                4
Miscellaneous
 e - a box of beasts
Comestibles
 c - 5 bread rations
 f - 14 slices of pizza
 g - a fruit
 j - 13 meat rations
 v - 7 beef jerkies
 M - 3 royal jellies


   Skills:
 + Level 11.8 Fighting
 + Level 15.7(15.9) Axes
   Level 4.2(11.3) Maces & Flails
 + Level 4.2 Throwing
 * Level 14.6 Armour
 + Level 5.2 Dodging
 * Level 16.7 Invocations


You had 15 spell levels left.
You didn't know any spells.

Dungeon Overview and Level Annotations

Branches:
Dungeon (15/15)            Temple (0/1) D:5            Lair (6/6) D:11
  Swamp (4/4) Lair:4        Snake (0/4) Lair:4        Slime (0/5) Lair:6
    Orc (2/2) D:12            Elf (1/3) Orc:2        Vaults (0/5) D:13
 Depths (0/5) D:15

Altars:
Ashenzari
Dithmenos
Hepliaklqana
Makhleb
Okawaru
Ru
Trog
Xom
Zin
The Shining One

Shops:
D:5 !   D:6 [   D:14 ?:*(%   D:15 =   Orc:2 ?:*%!

Annotations:
Abyss:1 Nergalle, Sonja


Innate Abilities, Weirdness & Mutations

You have hooves in place of feet.
You are completely covered in molten scales. (AC +4, rF+)
Your flesh is cold resistant. (rC+)
A demonic guardian rushes to your aid.
You may emit foul miasma when damaged in melee.
You are immune to rotting.


Message History

* * * LOW HITPOINT WARNING * * *
You feel sick.
The swamp dragon breathes poison at you.
The blast of poison engulfs you!
You are lethally poisoned!
* * * LOW HITPOINT WARNING * * *
You hear a roar!
You hear a deafening roar! x2; You hear a roar!
You feel better.
You are engulfed in poison gas.
You are poisoned.
* * * LOW HITPOINT WARNING * * *
You feel sick.
You are engulfed in poison gas.
You are lethally poisoned!
* * * LOW HITPOINT WARNING * * *
x2 You feel sick.
The swamp dragon breathes poison at you.
The blast of poison misses you.
The mottled dragon roars!
You climb upwards.
You die...

♣≈.≈..♣ ♣..≈....##....♣≈♣♣♣
♣)...♣♣♣ ♣♣.......##...≈≈≈.≈.
♣.≈.♣≈.♣♣♣♣ ♣.≈≈≈≈♣(.#....≈.§♣≈≈
♣.≈≈.≈.♣.≈♣ ♣♣.≈≈≈≈♣♣....≈≈..≈.≈≈
♣≈.≈≈...≈≈♣ ♣≈.≈≈≈≈♣♣♣##♣≈♣♣.≈.≈≈
≈≈.≈≈≈≈.≈≈♣ ♣♣..≈≈.♣ ♣♣♣..≈≈≈≈
≈..≈≈≈≈≈≈.♣ ♣♣♣..≈♣ ♣#♣♣♣♣.≈.<.
♣♣≈≈≈≈≈≈≈♣♣ ♣.≈♣♣♣ ♣.≈.≈..≈..≈
♣♣♣..≈≈..♣ ♣@≈.≈♣ ♣.≈≈≈≈.≈.≈≈
.......≈♣♣ ♣♣♣♣.≈.♣♣♣.≈≈≈≈≈≈§≈≈
≈≈≈≈≈≈..♣ ♣≈≈≈≈..♣♣.≈≈≈≈≈≈....
≈≈≈≈≈≈..♣ ♣♣≈≈≈♣♣♣♣♣.≈≈.≈≈≈≈.≈≈
.≈≈≈≈≈≈.♣♣♣♣♣≈.≈≈.♣ ♣≈>≈≈≈≈≈≈.≈≈
..≈≈≈.≈≈).♣≈≈§≈.≈.♣♣♣♣♣♣.≈≈≈≈≈..≈
≈≈≈≈§§....♣≈≈≈≈.≈≈≈≈≈♣♣...≈≈≈≈≈[≈
♣..≈≈≈≈.≈≈≈§≈≈..≈≈§≈≈.≈≈≈≈≈≈≈≈.≈≈
♣♣..≈≈..≈≈≈≈≈≈..≈≈≈≈..≈≈≈≈≈≈≈≈.§≈


There were no monsters in sight!

Vanquished Creatures
  5 thorn hunters
  A fire giant (D:15)
  The ghost of gitgud34 the Grappler, a journeyman TrMo of Uskayaw (Lair:5)
  The ghost of Gargoyl the Envoy of Void, a journeyman DsAK of Lugonu (Lair:6)
  2 ettins (Orc:2)
  4 vault guards (D:13)
  2 catoblepae
  A hydra (Swamp:2)
  A ghost crab (Swamp:1)
  3 centaur warriors
  12 death yaks
  11 alligators
  A deep troll shaman (Lair:6)
  4 ogre magi (Orc:2)
  Urug (D:15)
  A deep elf knight (D:13)
  An unseen horror (D:13)
  A wizard (D:9)
  3 swamp dragons
  3 hill giants
  3 shambling mangroves
  A deep elf archer (Elf:1)
  2 lindwurms
  A wolf spider zombie (D:14)
  2 orc knights
  6 ugly things
  6 deep elf magi
  A manticore (D:11)
  An orc sorcerer (Orc:2)
  An oklob plant (Lair:6)
  2 cyclopes
  31 slime creatures
  Joseph (D:7)
  16 elephants
  A torpor snail (Lair:5)
  3 black mambas
  2 centaur skeletons
  20 spiny frogs
  2 gargoyles (D:10)
  A freezing wraith (D:14)
  2 kobold demonologists
  12 komodo dragons
  A queen bee (Lair:2)
  2 polar bears
  7 trolls
  5 tyrant leeches
  18 two-headed ogres
  7 hornets
  15 blink frogs
  9 bog bodies
  9 hippogriffs
  2 meliai zombies
  33 yaks
  Sigmund (D:3)
  6 wraiths
  5 spriggans
  5 wyverns
  A centaur simulacrum (D:14)
  A shadow (D:12)
  6 basilisks
  3 hogs (D:7)
  A human (D:7)
  A hungry ghost (D:12)
  21 vampire mosquitoes
  A steam dragon (D:10)
  3 mottled dragons
  23 swamp worms
  Edmund (D:4)
  6 insubstantial wisps
  A soldier ant (D:15)
  8 water moccasins
  7 porcupines
  9 swamp drakes
  3 sky beasts
  20 orc warriors
  A hornet zombie (D:15)
  6 black bears
  3 phantoms
  6 ice beasts
  31 ogres
  12 wolves
  8 centaurs
  22 crocodiles
  23 bullfrogs
  3 big kobolds
  A wyvern zombie (D:8)
  A scorpion (D:9)
  28 killer bees
  15 wights
  4 electric eels
  A howler monkey (D:6)
  7 crimson imps
  5 centaur zombies
  3 quasits
  17 orc priests
  8 hounds
  3 bullfrog skeletons
  7 jellies
  21 orc wizards
  Crazy Yiuf (D:2)
  6 iguanas
  14 worker ants
  2 killer bee zombies
  A hound skeleton (D:9)
  Robin (D:3)
  2 worker ant zombies
  A howler monkey skeleton (D:7)
  7 gnolls
  18 adders
  4 shadow imps
  2 worms
  3 dart slugs
  7 leopard geckos
  100 orcs
  3 giant cockroaches
  13 goblins
  11 hobgoblins
  3 quokkas
  8 bats
  3 frilled lizards
  A jackal skeleton (D:6)
  29 kobolds
  A quokka skeleton (D:6)
  A quokka zombie (D:5)
  3 rats
  5 briar patches
  A bush (Lair:6)
  3 fungi
  5 plants
912 creatures vanquished.

Vanquished Creatures (collateral kills)
  A hydra (Swamp:4)
  An alligator (Swamp:2)
  A swamp dragon (Swamp:4)
  3 hill giants
  An ugly thing (D:11)
  A komodo dragon (Lair:3)
  Grinder (D:4)
  A bog body (Swamp:4)
  4 hornets
  2 blink frogs (Lair:5)
  2 dream sheep (Lair:5)
  2 yaks
  A hog (D:7)
  A wraith (D:7)
  A wyvern (Lair:5)
  An insubstantial wisp (Swamp:2)
  A warg (D:15)
  An ice beast (D:7)
  A swamp drake (Swamp:4)
  3 ogres (Orc:2)
  A bullfrog (Lair:5)
  A wyvern skeleton (D:13)
  2 killer bees (D:11)
  A howler monkey (D:4)
  A hound (D:9)
  2 orc wizards
  A worker ant (D:5)
  2 adders
  2 orcs
  A quokka (D:7)
44 creatures vanquished.

Vanquished Creatures (others)
  A dire elephant (Lair:6)
  12 hydras
  A death yak (Lair:6)
  An unseen horror (D:10)
  A lindwurm (Swamp:4)
  2 swamp dragons (Swamp:4)
  An ugly thing (D:11)
  A troll (D:9)
  A shadow (Swamp:2)
  A mottled dragon (Swamp:4)
  A steam dragon (Swamp:4)
  An orc warrior (D:7)
  2 swamp drakes (Swamp:4)
  A crocodile (Lair:6)
  A wight (D:9)
  A crimson imp (D:9)
  A bush (Lair:6)
  40 fungi
  25 plants
95 creatures vanquished.

Grand Total: 1051 creatures vanquished

Notes
Turn   | Place    | Note
-------+----------+-------------------------------------------
     0 | Abyss:1  | Gargoyl the Demonspawn Abyssal Knight began the quest for the Orb.
     0 | Abyss:1  | Reached XP level 1. HP: 18/18 MP: 2/2
    82 | Abyss:1  | Noticed a small abomination
   111 | D:1      | Escaped the Abyss
   272 | D:1      | Reached * piety under Lugonu
   320 | D:1      | Gained mutation: You are immune to rotting. [demonic ancestry]
   320 | D:1      | Reached XP level 2. HP: 17/24 MP: 4/4
   942 | D:2      | Gained mutation: A weak demonic guardian rushes to your aid. [demonic ancestry]
   942 | D:2      | Reached XP level 3. HP: 29/29 MP: 5/5
   954 | D:2      | Found a glowing silver altar of Zin.
  1341 | D:2      | Reached ** piety under Lugonu
  1458 | D:2      | Reached XP level 4. HP: 31/35 MP: 6/6
  1663 | D:2      | Found a runed door.
  1669 | D:2      | Noticed Crazy Yiuf
  1681 | D:2      | Reached skill level 5 in Fighting
  1681 | D:2      | Reached skill level 5 in Armour
  1681 | D:2      | Reached skill level 7 in Invocations
  1681 | D:2      | Gained mutation: You are partially covered in molten scales. (AC +2) [demonic ancestry]
  1681 | D:2      | Reached XP level 5. HP: 5/44 MP: 4/10
  1682 | D:2      | Reached skill level 5 in Axes
  1682 | D:2      | Reached skill level 9 in Invocations
  1682 | D:2      | Gained mutation: You are mostly covered in molten scales. (AC +3) [demonic ancestry]
  1682 | D:2      | Reached XP level 6. HP: 6/52 MP: 4/13
  1958 | D:2      | Killed Crazy Yiuf
  2488 | D:3      | Noticed Sigmund
  2534 | D:3      | Killed Sigmund
  2883 | D:3      | Found a shattered altar of Ashenzari.
  2994 | D:3      | Found a shimmering altar of Xom.
  3184 | D:3      | Noticed Grinder
  3356 | D:3      | Gained mutation: You have large cloven feet. [demonic ancestry]
  3356 | D:3      | Reached XP level 7. HP: 37/58 MP: 14/14
  3376 | D:4      | Killed Grinder
  3828 | D:3      | Noticed Robin
  3845 | D:3      | Killed Robin
  4784 | D:5      | Entered Level 5 of the Dungeon
  5122 | D:4      | Reached *** piety under Lugonu
  5377 | D:4      | Noticed Edmund
  5412 | D:4      | Killed Edmund
  5412 | D:4      | Reached XP level 8. HP: 34/64 MP: 15/15
  6113 | D:5      | Found Qarchac's Distillery.
  6130 | D:5      | Bought a potion of curing for 36 gold pieces
  6146 | D:5      | Found a staircase to the Ecumenical Temple.
  6698 | D:6      | Found Waciec's Antique Armour Boutique.
  7718 | D:7      | Noticed Joseph
  7825 | D:7      | Killed Joseph
  7825 | D:7      | Gained mutation: You have hoof-like feet. [demonic ancestry]
  7825 | D:7      | Reached XP level 9. HP: 48/71 MP: 16/16
  7952 | D:7      | Found a sacrificial altar of Ru.
  7952 | D:7      | Found a burning altar of Makhleb.
  7953 | D:7      | Found a hazy altar of Hepliaklqana.
  8856 | D:7      | Gained mutation: You are robust. (+10% HP) [mutagenic meat]
  8857 | D:7      | Gained mutation: You have a pair of small antennae on your head. [mutagenic meat]
  8858 | D:7      | Lost mutation: You are robust. (+10% HP) [mutagenic meat]
  8859 | D:7      | Gained mutation: You are frail. (-10% HP) [mutagenic meat]
  8860 | D:7      | Gained mutation: Armour fits poorly on your strangely shaped body. [mutagenic meat]
  8861 | D:7      | Gained mutation: You are somewhat resistant to further mutation. [potion of mutation]
  8862 | D:7      | Gained mutation: You are agile. (Dex +2) [potion of mutation]
  8862 | D:7      | Gained mutation: Your muscles are strong. (Str +2) [potion of mutation]
  8863 | D:7      | Lost mutation: Armour fits poorly on your strangely shaped body. [potion of cure mutation]
  8863 | D:7      | Lost mutation: Your muscles are strong. (Str +2) [potion of cure mutation]
  8863 | D:7      | Lost mutation: You are agile. (Dex +2) [potion of cure mutation]
  9516 | D:7      | Reached **** piety under Lugonu
  9520 | D:7      | Reached skill level 10 in Invocations
 10135 | D:8      | Gained mutation: You have hooves in place of feet. [demonic ancestry]
 10135 | D:8      | Reached XP level 10. HP: 41/69 MP: 17/17
 11129 | D:9      | Found a glowing silver altar of Zin.
 11771 | D:10     | Entered Level 10 of the Dungeon
 11807 | D:10     | Noticed Nergalle
 12273 | D:10     | Banished Nergalle
 12316 | D:10     | Paralysed by a hornet for 1 turns
 12629 | D:10     | Noticed Sonja
 12996 | D:11     | Noticed a red ugly thing
 13003 | D:11     | Banished a red ugly thing
 13391 | D:11     | Found a staircase to the Lair.
 13391 | D:11     | Noticed an elephant
 13413 | D:11     | Killed an elephant
 14007 | D:10     | Banished an unseen horror
 14058 | D:10     | Banished Sonja
 14407 | D:10     | Noticed a wizard
 14418 | D:10     | Noticed a gargoyle
 14426 | D:9      | Found an iron altar of Okawaru.
 14426 | D:9      | Found a glowing golden altar of the Shining One.
 14438 | D:9      | Killed a wizard
 14438 | D:9      | Gained mutation: Your flesh is cold resistant. (rC+) [demonic ancestry]
 14438 | D:9      | Reached XP level 11. HP: 18/75 MP: 19/19
 15197 | D:10     | Reached skill level 11 in Invocations
 16352 | Lair:1   | Entered Level 1 of the Lair of Beasts
 16511 | Lair:1   | Reached skill level 10 in Armour
 16644 | Lair:1   | Noticed an eight-headed hydra
 16646 | Lair:1   | Banished an eight-headed hydra
 17849 | Lair:1   | Gained mutation: You are very frail. (-20% HP) [potion of mutation]
 17931 | Lair:1   | Noticed a five-headed hydra
 17932 | Lair:1   | Banished a five-headed hydra
 18220 | Lair:2   | Reached XP level 12. HP: 9/73 MP: 20/20
 19009 | Lair:2   | Reached skill level 12 in Invocations
 19010 | Lair:2   | Reached ***** piety under Lugonu
 19019 | Lair:2   | HP: 1/73 [killer bee (9)]
 19697 | Lair:3   | Reached skill level 10 in Axes
 20577 | Lair:4   | Found a staircase to the Snake Pit.
 20966 | Lair:4   | Found a staircase to the Swamp.
 21302 | Lair:4   | Noticed a four-headed hydra
 21309 | Lair:4   | Banished a four-headed hydra
 22149 | Lair:5   | Noticed a six-headed hydra
 22156 | Lair:5   | Banished a six-headed hydra
 22331 | Lair:5   | Noticed a death yak
 22331 | Lair:5   | Noticed a death yak
 22331 | Lair:5   | Noticed a death yak
 22441 | Lair:5   | HP: 3/75 [death yak (12)]
 22816 | Lair:5   | Noticed gitgud34's ghost (journeyman TrMo)
 22909 | Lair:4   | Killed a death yak
 23058 | Lair:5   | Killed gitgud34's ghost
 23223 | Lair:5   | Reached XP level 13. HP: 63/79 MP: 22/22
 23273 | Lair:5   | Reached skill level 13 in Invocations
 25361 | Lair:6   | Entered Level 6 of the Lair of Beasts
 25851 | Lair:6   | Noticed Gargoyl's ghost (journeyman DsAK)
 25976 | Lair:6   | Killed Gargoyl's ghost
 27319 | Lair:6   | Reached skill level 5 in Dodging
 27373 | Lair:6   | Reached skill level 14 in Invocations
 27798 | Lair:6   | Found a staircase to the Slime Pits.
 28122 | Lair:6   | Gained mutation: You are completely covered in molten scales. (AC +4, rF+) [demonic ancestry]
 28122 | Lair:6   | Reached XP level 14. HP: 73/86 MP: 24/24
 29579 | Lair:6   | HP: 2/87 [spatial distortion (4)]
 30928 | D:5      | Bought 2 potions of cure mutation for 600 gold pieces
 30928 | D:5      | Lost mutation: You have a pair of small antennae on your head. [potion of cure mutation]
 30928 | D:5      | Lost mutation: You are very frail. (-20% HP) [potion of cure mutation]
 30928 | D:5      | Lost mutation: You are somewhat resistant to further mutation. [potion of cure mutation]
 30928 | D:5      | Lost mutation: You are frail. (-10% HP) [potion of cure mutation]
 31880 | D:12     | Identified the Catalogue of Dislocated Toxins
 32116 | D:12     | Reached skill level 10 in Fighting
 32340 | D:12     | Found a staircase to the Orcish Mines.
 33231 | D:13     | Found a gate to the Vaults.
 33238 | D:13     | Reached skill level 15 in Invocations
 34867 | D:14     | Found Fozetiff's Magic Scroll Shoppe.
 34874 | D:14     | Bought a scroll of teleportation for 36 gold pieces
 34874 | D:14     | Bought a scroll of teleportation for 36 gold pieces
 34874 | D:14     | Bought a scroll of enchant armour for 90 gold pieces
 34984 | D:14     | Reached ****** piety under Lugonu
 35001 | D:14     | Found Boneomp's Assorted Antiques.
 35019 | D:14     | Bought a potion of curing for 90 gold pieces
 35103 | D:14     | Found Pygergh's Weapon Emporium.
 35108 | D:14     | Found Juassil's Food Boutique.
 35145 | D:14     | Found Tytomy's Book Shop.
 35647 | D:15     | Entered Level 15 of the Dungeon
 35694 | D:15     | Noticed Urug
 36098 | D:15     | Killed Urug
 36098 | D:15     | Gained mutation: You may emit foul miasma when damaged in melee. [demonic ancestry]
 36098 | D:15     | Reached XP level 15. HP: 81/116 MP: 26/26
 36242 | D:15     | Found a staircase to the Depths.
 36242 | D:15     | Noticed a fire giant
 36328 | D:15     | Found a shadowy altar of Dithmenos.
 36827 | D:15     | Killed a fire giant
 36850 | D:15     | Found Hulorchuh's Jewellery Shoppe.
 37916 | Orc:1    | Entered Level 1 of the Orcish Mines
 38327 | Orc:1    | Found a bloodstained altar of Trog.
 38470 | Orc:2    | Entered Level 2 of the Orcish Mines
 38501 | Orc:2    | Found Dox Soet's Distillery.
 38565 | Orc:2    | Bought a potion of curing for 42 gold pieces
 38565 | Orc:2    | Bought a potion of heal wounds for 70 gold pieces
 38565 | Orc:2    | Bought a potion of curing for 42 gold pieces
 38999 | Orc:2    | Found a staircase to the Elven Halls.
 39081 | Orc:2    | HP: 4/117 [ettin/dire flail (22)]
 39747 | Orc:2    | Paralysed by an orc sorcerer for 5 turns
 40160 | Orc:2    | Paralysed by an ogre mage for 3 turns
 40644 | Orc:2    | Found Qophyggeavu's Food Shop.
 40644 | Orc:2    | Found Fockideh's Book Emporium.
 40645 | Orc:2    | Found Tevavvoca's General Store.
 40645 | Orc:2    | Found Jeplynew's Magic Scroll Boutique.
 40661 | Orc:2    | Bought a scroll of enchant armour for 112 gold pieces
 40661 | Orc:2    | Bought the +1 cloak of Starlight {rElec rC+ EV+4 Stlth--} for 667 gold pieces
 40661 | Orc:2    | Bought a scroll of enchant armour for 112 gold pieces
 40885 | Elf:1    | Entered Level 1 of the Elven Halls
 41464 | Swamp:1  | Entered Level 1 of the Swamp
 42441 | Swamp:1  | Reached skill level 16 in Invocations
 43875 | Swamp:2  | Noticed a thorn hunter
 43910 | Swamp:2  | Gained mutation: A demonic guardian rushes to your aid. [demonic ancestry]
 43910 | Swamp:2  | Reached XP level 16. HP: 119/125 MP: 28/28
 43913 | Swamp:2  | Killed a thorn hunter
 43913 | Swamp:2  | Reached skill level 15 in Axes
 44006 | Swamp:2  | Noticed a thorn hunter
 44016 | Swamp:2  | Killed a thorn hunter
 44619 | Swamp:2  | Identified a scroll of acquirement
 45113 | Swamp:2  | Noticed a thorn hunter
 45124 | Swamp:2  | Killed a thorn hunter
 46474 | Swamp:3  | Noticed a thorn hunter
 46483 | Swamp:3  | Killed a thorn hunter
 47006 | Swamp:3  | Noticed a thorn hunter
 47015 | Swamp:3  | Killed a thorn hunter
 47378 | Swamp:4  | Entered Level 4 of the Swamp
 48164 | Swamp:4  | HP: 4/127 [swamp dragon] (8)]
 48164 | Swamp:4  | HP: 1/127 [poisoned by a swamp dragon (poison gas)]
 48169 | Swamp:3  | Succumbed to a swamp dragon's poison gas

Skill      XL: |  1  2  3  4  5  6  7  8  9 10 11 12 13 14 15 16 |
---------------+-------------------------------------------------+-----
Armour         | 2 5 6 7 8 9 10 11 12 13 14 | 14.6
Axes           | 2 4 5 6 7 9 10 12 13 14 15 | 15.7
Fighting       | 5 6 7 8 9 10 11 | 11.8
Maces & Flails | 3 4 |  4.2
Throwing       | 3 4 |  4.2
Dodging        | 3 4 5 |  5.2
Invocations    | 7 9 10 11 12 14 15 16 | 16.7

Action                   |  1- 3 |  4- 6 |  7- 9 | 10-12 | 13-15 | 16-18 || total
-------------------------+-------+-------+-------+-------+-------+-------++-------
Melee: Hand axe          |   137 |    85 |   661 |   323 |       |       ||  1206
       Kick              |       |       |    84 |   242 |   489 |   117 ||   932
       Battleaxe         |       |       |       |   376 |  1037 |   266 ||  1679
       War axe           |       |       |       |       |     6 |     5 ||    11
Throw: Tomahawk          |       |       |       |     2 |     2 |       ||     4
Invok: Depart the Abyss  |     1 |       |       |       |       |       ||     1
       Banish            |       |       |     1 |    15 |    11 |     6 ||    33
       Bend Space        |       |       |       |     2 |     1 |       ||     3
  Use: Scroll            |     6 |     3 |     5 |    15 |    16 |     4 ||    49
       Potion            |       |     2 |     9 |    20 |     8 |     4 ||    43
 Stab: Distracted        |       |     1 |     4 |     6 |    14 |     2 ||    27
       Petrifying        |       |       |       |       |     2 |       ||     2
       Petrified         |       |       |       |       |     2 |       ||     2
       Confused          |       |       |       |       |     1 |       ||     1
  Eat: Chunk             |     2 |     6 |    28 |    26 |    40 |     2 ||   104
       Bread ration      |       |       |       |     5 |     3 |     1 ||     9
       Fruit             |       |       |       |       |    11 |       ||    11
       Royal jelly       |       |       |       |       |     6 |     2 ||     8
Armor: Chain mail        |   121 |    62 |   455 |   357 |       |       ||   995
       Plate armour      |       |       |       |   376 |   903 |   175 ||  1454
Dodge: Dodged            |    56 |    38 |   249 |   406 |   571 |   167 ||  1487
       Rpst.: Battleaxe  |       |       |       |    53 |   134 |    40 ||   227
       War axe           |       |       |       |       |       |     1 ||     1
